 Dungeon Crawl Stone Soup version 0.17.0-28-g6e173f8 (webtiles) character file.

316 plasmid the Skirmisher (level 6, 0/51 HPs)
             Began as a Demonspawn Monk on Dec 2, 2015.
             Slain by a quasit (2 damage)
             ... summoned by Eustachio
             ... on level 5 of the Dungeon.
             The game lasted 00:20:33 (2684 turns).

plasmid the Skirmisher (Demonspawn Monk)            Turns: 2684, Time: 00:20:33

Health: 0/51       AC:  6    Str: 13    XL:     6   Next: 20%
Magic:  6/6        EV: 12    Int: 11    God:
Gold:   160        SH:  0    Dex: 16    Spells: 0 memorised, 5 levels left

rFire  x . .     SeeInvis .       - Unarmed
rCold  + . .     Clarity  .     a - +0 robe
rNeg   . . .     SustAt   .     (no shield)
rPois  .         Gourm    .     g - +0 helmet
rElec  .         Spirit   .     (no cloak)
rCorr  +         Warding  .     (no gloves)
rMut   .         Stasis   .     (no boots)
MR     .....                    u - amulet of resist corrosion
Stlth  ++........               (no ring)
                                j - ring of ice

@: flying, not resistant to hostile enchantments, unstealthy
A: claws 1, icy blue scales 2, spiny 1
a: no special abilities


You were on level 5 of the Dungeon.
You were not hungry.

You visited 1 branch of the dungeon, and saw 5 of its levels.

You collected 160 gold pieces.

Inventory:

Hand Weapons
 n - a +0 hunting sling
 o - a +0 rapier
Missiles
 d - 69 stones (quivered)
 m - 12 poisoned needles
 y - a throwing net
Armour
 a - a +0 robe (worn)
 b - the +2 ring mail of the Hidden Vale {rC+, unknown}
   (You found it on level 4 of the Dungeon)

   It protects you from cold.
 f - a +0 chain mail
 g - a +0 helmet (worn)
 p - a +0 leather armour
Magical Staves
 i - an uncursed staff of summoning {unknown}
Jewellery
 j - a ring of ice (left claw)
 u - an amulet of resist corrosion (around neck)
Wands
 s - a wand of slowing (31)
Scrolls
 c - 4 scrolls of identify
 q - 2 scrolls of enchant weapon
Potions
 e - a potion of resistance
Comestibles
 l - a royal jelly
 v - 5 chunks of flesh
 z - 2 meat rations


   Skills:
 + Level 5.4 Fighting
 - Level 2.6 Dodging
 - Level 1.7 Stealth
 + Level 5.4 Unarmed Combat


You had 5 spell levels left.
You didn't know any spells.

Dungeon Overview and Level Annotations

Branches:
Dungeon (5/15)
 Temple: D:4-7

Altars:
Ashenzari
Fedhas
Nemelex Xobeh
The Shining One

Annotations:
D:3 cada's ghost, amateur OgFi
D:5 Eustachio


Innate Abilities, Weirdness & Mutations

You have sharp fingernails.
You are mostly covered in icy blue scales (AC +3, EV -1).
You are partially covered in sharp spines.


Message History

The quasit barely misses you.
The quasit claws you but does no damage. x2
The river rat bites you.
* * * LOW HITPOINT WARNING * * *
The crimson imp blinks!
You closely miss the quasit.
The quasit is heavily wounded.
The bat hits you but does no damage. The bat misses you.
The quasit barely misses you.
The quasit claws you but does no damage.
The quasit misses you. The bat is struck by your spines.
You kill the bat!
The bat's corpse disappears in a puff of smoke!
The centaur zombie is struck by your spines.
The centaur zombie hits you but does no damage.
The river rat misses you.
You claw the quasit!
The quasit is severely wounded.
The quasit bites you.
You die...

∩≈≈≈≈,,,,,*,,,#......#,,,,,,,,,,,
≈≈≈≈,,,,,,*,,,+......#,,,,,,,,,,,
≈≈≈,,,,,,,+,,,#..?...#,,,,,,,,,,,
≈≈≈,,,,,,,*,,,#......#,,,,,,**,,,
≈≈,,,,,,,**,,,#......#,,,,,,##.,,
,,*,,,,,,**,,,#......#,,,,,,#..,,
,*,,,,,,,***+*#......#,,,,,,+....
***,,,,,,,,,,,#...5..#,,,,,,#....
,,*,,,,,,,,,,,#§@g...#,,,,,,#....
,,*********,,,+Z5r...#,,,,,,#....
,,*,,,,,,**,,,#......#,,,,,,*#...
,,*,,,,,,,,,,,#.@...##,,,,,,*#...
,,+,>,,,,,,,,,#.5...#,,...,,##...
,,*,,,,,,,....#r....#,,...,,#....
,,*,,,,,,*#...#.....+.......#....
,,*,,,,,,*#...#.g...#.......##...
,,+,,,,,,*#...#.....#.......##...


You could see Eustachio, 2 quasits, 2 gnolls, a crimson imp, 2 river rats and a
centaur zombie.

Vanquished Creatures
  A scorpion (D:4)
  2 hounds
  An orc wizard (D:4)
  3 adders
  8 gnolls (D:5)
  A shadow imp (D:5)
  2 worms
  7 orcs
  4 goblins
  A hobgoblin (D:3)
  6 jackals
  6 bats
  3 giant cockroaches
  3 giant newts
  6 kobolds
  4 rats
58 creatures vanquished.

Notes
Turn   | Place    | Note
--------------------------------------------------------------
     0 | D:1      | plasmid the Demonspawn Monk began the quest for the Orb.
     0 | D:1      | Reached XP level 1. HP: 18/18 MP: 1/1
   330 | D:1      | Gained mutation: You have sharp fingernails. [demonic ancestry]
   330 | D:1      | Reached XP level 2. HP: 22/24 MP: 2/2
   600 | D:2      | Found a sparkling altar of Nemelex Xobeh.
   668 | D:2      | Found a blossoming altar of Fedhas.
   993 | D:3      | Noticed cada's ghost (amateur OgFi)
  1060 | D:3      | Reached skill level 4 in Unarmed Combat
  1060 | D:3      | Gained mutation: You are partially covered in icy blue scales (AC +1). [demonic ancestry]
  1060 | D:3      | Reached XP level 3. HP: 13/30 MP: 3/3
  1606 | D:4      | Found a shattered altar of Ashenzari.
  1874 | D:4      | Reached XP level 4. HP: 24/37 MP: 4/4
  1895 | D:4      | Got an ichor-stained ring mail
  2024 | D:4      | Gained mutation: You are partially covered in sharp spines. [demonic ancestry]
  2024 | D:4      | Reached XP level 5. HP: 15/43 MP: 5/5
  2178 | D:4      | Found a glowing golden altar of the Shining One.
  2185 | D:4      | Found a sparkling altar of Nemelex Xobeh.
  2328 | D:5      | Entered Level 5 of the Dungeon
  2331 | D:5      | Reached skill level 5 in Unarmed Combat
  2505 | D:5      | Reached skill level 5 in Fighting
  2605 | D:5      | Gained mutation: You are mostly covered in icy blue scales (AC +3, EV -1). [demonic ancestry]
  2605 | D:5      | Reached XP level 6. HP: 33/51 MP: 6/6
  2651 | D:5      | Noticed Eustachio
  2682 | D:5      | HP: 1/51 [river rat[Eustachio] (6)]
  2684 | D:5      | Slain by a quasit

Action                   |  1- 3 |  4- 6 || total
-------------------------+-------+-------++-------
Melee: Unarmed           |   136 |    57 ||   193
Throw: Stone             |     4 |     3 ||     7
  Use: Potion            |     3 |     3 ||     6
       Scroll            |       |     6 ||     6
  Eat: Chunk             |     2 |       ||     2
       Bread ration      |       |     1 ||     1
